 Dungeon Crawl Stone Soup version 0.31-a0-702-gf82c85558f (webtiles) character file.

Game seed: 16266154663057027838

127325 qw the Marksgargoyle (level 17, 1/1 HPs)
             Began as a Gargoyle Hunter on Sept 8, 2023.
             Was an Initiate of Okawaru.
             Quit the game on level 1 of the Lair of Beasts.
             The game lasted 01:42:51 (59665 turns).

qw the Marksgargoyle (Gargoyle Hunter)             Turns: 59665, Time: 01:42:51

Health: 1/1        AC: 30    Str: 20    XL:     17   Next: 0%
Magic:  24/24      EV: 24    Int:  7    God:    Okawaru [......]
Gold:   184        SH:  5    Dex: 25    Spells: 16/16 levels left

rFire   + + .        b - +3 longbow of the Red God {speed, Fly rElec Int-5 SInv}
rCold   . . .        (shield currently unavailable)
rNeg    + . .        s - +3 ring mail "Fauda" {rF++ Str+2 Int+3}
rPois   inf          j - +2 helmet
rElec   +            A - scarf {repulsion}
rCorr   .            q - +2 pair of gloves
SInv    +            a - -1 pair of boots of Instinct {Slay+5}
Will    +....        k - amulet of reflection
Stlth   ++           g - +6 ring of dexterity
HPRegen 0.20/turn    n - +5 ring of evasion
MPRegen 0.19/turn

%: repel missiles, reflection
@: flying
A: sickness immunity, AC +12, big wings, negative energy resistance 1,
electricity resistance, torment resistance 1, petrification resistance
a: Renounce Religion


You were on level 1 of the Lair of Beasts.
You worshipped Okawaru.
Okawaru was noncommittal.
You visited 5 branches of the dungeon, and saw 26 of its levels.

You collected 2174 gold pieces.
You spent 1990 gold pieces at shops.


Innate Abilities, Weirdness & Mutations

You are immune to sickness and miasma.
Your stone body is resilient. (AC +12)
You are immune to poison.
Your large and strong wings let you fly.
You resist negative energy. (rN+)
You are resistant to electric shocks. (rElec)
You are resistant to unholy torment.
You are immune to petrification.


   Skills:
 + Level 16.7 Fighting
 - Level 20.0 Ranged Weapons
 - Level 10.0 Armour
 - Level 10.0 Dodging
 - Level 1.1 Stealth
 - Level 10.0 Invocations


You had 16 spell levels left.
You didn't know any spells.
Your spell library was empty.

Inventory:

Hand Weapons
 b - the +3 longbow of the Red God (weapon) {speed, Fly rElec Int-5 SInv}
   (Okawaru gifted it to you on level 3 of the Lair of Beasts)

   Int-5:     It affects your intelligence (-5).
   rElec:     It insulates you from electricity.
   SInv:      It lets you see invisible.
   Fly:       It grants you flight.
 v - a +0 triple crossbow
Armour
 a - the -1 pair of boots of Instinct (worn) {Slay+5}
   (You found it on level 3 of the Shoals)

   Slay+5:    It affects your accuracy & damage with ranged weapons and melee
   (+5).
 j - a +2 helmet (worn)
 q - a +2 pair of gloves (worn)
 s - the +3 ring mail "Fauda" (worn) {rF++ Str+2 Int+3}
   (Okawaru gifted it to you on level 1 of the Orcish Mines)

   Str+2:     It affects your strength (+2).
   Int+3:     It affects your intelligence (+3).
   rF++:      It greatly protects you from fire.
 w - a +2 troll leather armour {Snorg}
 x - a +0 cloak
 A - a scarf of repulsion (worn)
Jewellery
 e - a ring of fire
 g - a +6 ring of dexterity (left hand)
 k - an amulet of reflection (around neck)
 n - a +5 ring of evasion (right hand)
Wands
 u - a wand of digging (4)
Scrolls
 d - 24 scrolls of identify
 o - 7 scrolls of teleportation
 r - 2 scrolls of brand weapon
 t - 4 scrolls of enchant weapon
Potions
 c - 4 potions of cancellation
 f - 4 potions of might
 h - 3 potions of resistance
 i - 4 potions of enlightenment
 l - 8 potions of curing
 m - 3 potions of haste
 p - 2 potions of mutation

Dungeon Overview and Level Annotations

Branches:
Dungeon (15/15)            Temple (1/1) D:4            Lair (5/5) D:8
 Shoals (3/4) Lair:2       Spider (0/4) Lair:2        Slime (0/5) Lair:4
    Orc (2/2) D:9             Elf (0/3) Orc:2        Vaults (0/5) D:14
 Depths (0/4) D:15

Altars:
Ashenzari
Cheibriados
Dithmenos
Elyvilon
Fedhas
Gozag
Hepliaklqana
Kikubaaqudgha
Makhleb
Nemelex Xobeh
Okawaru
Qazlal
Ru
Sif Muna
Trog
Uskayaw
Vehumet
Wu Jian
Xom
Yredelemnul
Zin
The Shining One
Jiyva
Lugonu

Shops:
D:1 *?[((   D:6 *   D:10 *   D:14 (   Orc:2 ***?   Shoals:2 =

Portals:
Abyss: Orc:1

Annotations:
D:6 3 runed translucent doors, qw's ghost, novice GrHu
Lair:2 exclusion: 2 culicivoras
Lair:4 1 runed translucent door
Shoals:2 1 runed translucent door, qw's ghost, adept GrHu


Message History

Enter note:
Enter note:
Enter note:
Enter note:
Enter note:
Enter note:
Enter note:
Enter note:
Enter note:
Enter note:
Enter note:
Enter note:
Enter note:
Enter note:
Enter note:
Enter note:
Enter note:
Enter note:
Enter note:
Enter note:
Enter note:
Enter note:
Enter note:
Enter note:
Enter note:
Enter note:
Enter note:
Enter note:
Enter note:
Enter note:
Enter note:
Enter note:
Enter note:
Enter note:
Enter note: A mysterious force pulls you upwards.
The hatch slams shut behind you. Zot's power touches on you...
Buggy note passed: unknown note type
59665 ||| QUITTING!
Are you sure you want to abandon this character and quit the game? (Confirm with "yes".)

.#......##...##.......##..##.....
........##............##..##.....
.#......##...##............#.....
.#......##.#.##.......##.........
.#......P#.##.#.......######.....
##....................##.##..|...
.................................
.................................
................@................
.................................
.................................
+.#.....#########................
.##.....####.## ##...#####.##....
.##.....#.....#####.#####..##....
.##......#..#........#......#....
.##.....##..........##...........
.##.....###.......#.##.....##....


There were no monsters in sight!

Vanquished Creatures
  Ilsuiw (Shoals:2)
  A frost giant (Shoals:3)
  Louise (Shoals:2)
  Snorg (Orc:1)
  6 merfolk impalers
  A merfolk javelineer (Shoals:3)
  2 vault guards (D:14)
  Erica (D:8)
  5 merfolk avatars
  3 hydras
  2 catoblepae
  3 boulder beetles
  4 merfolk aquamancers
  5 two-headed ogres
  A death knight (D:13)
  8 centaur warriors
  An alligator snapping turtle (Shoals:2)
  2 tengu warriors
  A satyr (Shoals:2)
  3 orc high priests (Orc:2)
  Urug (D:10)
  7 skysharks
  5 sea snakes
  4 skeletal warriors (D:14)
  3 deep elf pyromancers
  A wizard (D:15)
  Pikel (D:4)
  3 necromancers
  3 harpies (Lair:5)
  4 orc sorcerers
  5 orc knights
  4 oklob plants (Lair:4)
  4 fauns (Shoals:2)
  13 cyclopes
  8 manticores
  19 elephants
  8 merfolk sirens
  4 water nymphs
  A naga mage (D:15)
  3 centaur skeletons (D:15)
  A gargoyle (D:10)
  8 cane toads
  5 black mambas
  8 rime drakes
  9 komodo dragons
  An efreet (D:15)
  2 tengu conjurers
  6 trolls
  A hornet (Lair:5)
  7 wind drakes
  30 merfolk
  6 polar bears
  23 blink frogs
  A blink frog (shapeshifter) (D:13)
  5 snapping turtles
  8 slime creatures
  2 culicivoras (Lair:2)
  2 jumping spiders (Lair:2)
  3 shadows
  15 dream sheep
  A centaur simulacrum (D:15)
  Sigmund (D:4)
  10 wyverns
  3 wraiths
  13 water elementals
  5 basilisks
  19 humans (D:14)
  Grum (D:10)
  42 yaks
  A steam dragon (D:9)
  3 redbacks (Lair:2)
  5 vampire mosquitoes
  A warg (Orc:2)
  3 acid dragons
  11 water moccasins
  2 ice beasts
  3 black bears
  23 orc warriors
  A sky beast (D:7)
  9 ogres
  12 centaurs
  7 wolves
  2 phantoms
  A lemure (D:4)
  2 kobold brigands
  14 bullfrogs
  A wyvern zombie (D:6)
  3 scorpions
  3 gnoll sergeants
  8 wights
  10 killer bees (D:9)
  A bullfrog zombie (D:6)
  6 electric eels
  3 howler monkeys
  A jelly (D:6)
  4 hounds
  A gnoll bouda (D:6)
  18 orc priests
  4 sleepcaps
  2 iguanas (D:5)
  31 orc wizards
  Robin (D:4)
  15 gnolls
  3 adders
  3 white imps
  4 ufetubi
  A worm (D:3)
  4 dart slugs
  72 orcs
  7 ball pythons
  7 endoplasms
  4 giant cockroaches
  10 goblins
  7 hobgoblins
  12 kobolds
  6 quokkas
  4 bats
  A frilled lizard (D:1)
  3 rats
  A lurking horror (Orc:1)
752 creatures vanquished.

Vanquished Creatures (others)
  An orc wizard (D:3)
  An orc (Orc:2)
2 creatures vanquished.

Grand Total: 754 creatures vanquished

Notes
Turn   | Place    | Note
-------+----------+-------------------------------------------
     0 | D:1      | qw the Gargoyle Hunter began the quest for the Orb.
     0 | D:1      | Reached XP level 1. HP: 12/12 MP: 1/1
     0 | D:1      | 0 ||| qw: Version: 0.3-a-76-g4403597
     0 | D:1      | 0 ||| qw: Game counter: 1134
     0 | D:1      | 0 ||| qw: Melee chars always use a shield: true
     0 | D:1      | 0 ||| qw: God list: Okawaru
     0 | D:1      | 0 ||| qw: Allow faded altars: false
     0 | D:1      | 0 ||| qw: Do Orc after clearing Dungeon:15 true
     0 | D:1      | 0 ||| qw: Do second Lair branch before Depths: true
     0 | D:1      | 0 ||| qw: Lair rune preference: random
     0 | D:1      | 0 ||| qw: Goals: Normal
     0 | D:1      | 0 ||| PLANNING D:1-11
   101 | D:1      | 101 ||| UPGRADING to +6 ring of dexterity.
   102 | D:1      | 102 ||| READING scroll labelled YRCHON ZOLEZUT.
   103 | D:1      | 103 ||| READING scroll labelled WUXTEN EHIPYEX.
   104 | D:1      | 104 ||| READING scroll labelled CEIHAI LIUGA.
   105 | D:1      | 105 ||| DROPPING scroll of butterflies.
   121 | D:1      | Reached XP level 2. HP: 17/17 MP: 2/2
   138 | D:1      | Found Justixo's Weapon Shoppe.
   144 | D:1      | 144 ||| SHOPLISTING +3 shortbow of electrocution (343 gold,
                  | have 29).
   203 | D:1      | Found Hiwn's Antique Armour Boutique.
   204 | D:1      | Found Suysos's Magic Scroll Shop.
   213 | D:1      | 213 ||| SHOPLISTING pair of boots (121 gold, have 29).
   213 | D:1      | 213 ||| SHOPLISTING pair of smoking gloves (256 gold, have
                  | 29).
   213 | D:1      | 213 ||| SHOPLISTING ring mail (108 gold, have 29).
   222 | D:1      | 222 ||| SHOPLISTING scroll of enchant weapon (82 gold, have
                  | 29).
   222 | D:1      | 222 ||| BUYING scroll of identify (22 gold).
   222 | D:1      | Bought a scroll of identify for 22 gold pieces
   222 | D:1      | 222 ||| SHOPLISTING scroll of identify (22 gold, have 7).
   222 | D:1      | 222 ||| SHOPLISTING scroll of teleportation (33 gold, have
                  | 7).
   239 | D:1      | Found Qeutudei's Assorted Antiques.
   249 | D:1      | 249 ||| SHOPLISTING embroidered cloak (172 gold, have 7).
   249 | D:1      | 249 ||| SHOPLISTING scroll labelled KUCAAP VOUCKAR (23
                  | gold, have 7).
   249 | D:1      | 249 ||| SHOPLISTING scroll labelled QUUGGY XUHOISASS (23
                  | gold, have 7).
   249 | D:1      | 249 ||| SHOPLISTING scroll of identify (46 gold, have 7).
   320 | D:1      | Reached XP level 3. HP: 21/21 MP: 3/3
   442 | D:1      | Found Foodwos's Weapon Boutique.
   462 | D:1      | 462 ||| READING scroll labelled HOSAPO ANEOHAC.
   467 | D:1      | 467 ||| READING 2 scrolls of identify.
   467 | D:1      | 467 ||| IDENTIFYING fizzy clear potion
   588 | D:2      | Reached skill level 5 in Ranged Weapons
  1036 | D:2      | 1036 ||| UPGRADING to +0 ring mail.
  1046 | D:2      | 1046 ||| DROPPING +0 leather armour.
  1047 | D:2      | 1047 ||| UPGRADING to +0 helmet.
  1052 | D:2      | 1052 ||| READING scroll labelled TAZOUD IDAOMP.
  1053 | D:2      | 1053 ||| READING scroll labelled GEGREZO ELICA.
  1054 | D:2      | 1054 ||| DRINKING 2 grey potions.
  1055 | D:2      | 1055 ||| READING 3 scrolls of identify.
  1055 | D:2      | 1055 ||| IDENTIFYING metallic ruby potion
  1056 | D:2      | 1056 ||| READING 2 scrolls of identify.
  1056 | D:2      | 1056 ||| IDENTIFYING clear potion
  1057 | D:2      | 1057 ||| DROPPING potion of brilliance.
  1285 | D:3      | Reached skill level 1 in Armour
  1285 | D:3      | Reached XP level 4. HP: 27/27 MP: 4/4
  1332 | D:3      | 1332 ||| READING scroll of enchant armour.
  1332 | D:3      | 1332 ||| ENCHANTING +0 helmet.
  1382 | D:3      | Reached skill level 3 in Fighting
  1608 | D:3      | HP: 5/28 [something/puff of flame (6)]
  1609 | D:3      | 1609 ||| READING scroll of teleportation.
  1610 | D:3      | 1610 ||| DRINKING 2 potions of heal wounds.
  1717 | D:3      | 1717 ||| UPGRADING to +5 ring of evasion.
  1718 | D:3      | 1718 ||| READING scroll labelled EBI VYRHIE.
  1736 | D:3      | 1736 ||| DRINKING 2 blue potions.
  1737 | D:3      | 1737 ||| READING 2 scrolls of identify.
  1737 | D:3      | 1737 ||| IDENTIFYING fuming coppery potion
  1738 | D:3      | 1738 ||| DROPPING potion of attraction.
  1739 | D:3      | 1739 ||| DROPPING potion of degeneration.
  1804 | D:4      | 1804 ||| READING scroll of enchant weapon.
  1804 | D:4      | 1804 ||| ENCHANTING +1 shortbow.
  1874 | D:4      | Reached XP level 5. HP: 32/32 MP: 5/5
  1915 | D:4      | Reached skill level 6 in Ranged Weapons
  1951 | D:4      | Noticed Sigmund
  1978 | D:4      | Killed Sigmund
  1979 | D:4      | Reached XP level 6. HP: 16/40 MP: 6/6
  2123 | D:4      | Found a staircase to the Ecumenical Temple.
  2124 | D:4      | 2124 ||| PLANNING TEMPLE
  2134 | Temple   | Entered the Ecumenical Temple
  2135 | Temple   | 2135 ||| PLANNING OKAWARU WORSHIP
  2147 | Temple   | Became a worshipper of Warmaster Okawaru
  2148 | Temple   | 2148 ||| PLANNING D:1-11
  2187 | D:4      | Noticed Pikel
  2188 | D:4      | 2188 ||| RETREATING.
  2189 | D:4      | 2189 ||| Stepping ~*~*~tactically~*~*~ (retreating).
  2205 | D:4      | Killed Pikel
  2205 | D:4      | Reached * piety under Okawaru
  2205 | D:4      | Reached ** piety under Okawaru
  2206 | D:4      | Reached skill level 8 in Ranged Weapons
  2206 | D:4      | Reached XP level 7. HP: 22/44 MP: 7/7
  2335 | D:4      | 2335 ||| INVOKING Heroism.
  2340 | D:4      | Reached skill level 1 in Invocations
  2340 | D:4      | Reached XP level 8. HP: 49/49 MP: 5/9
  2448 | D:4      | Noticed Robin
  2449 | D:4      | 2449 ||| Stepping ~*~*~tactically~*~*~ (outnumbered).
  2452 | D:4      | 2452 ||| Stepping ~*~*~tactically~*~*~ (outnumbered).
  2472 | D:4      | Killed Robin
  2536 | D:4      | Found a blossoming altar of Fedhas.
  2709 | D:4      | 2709 ||| READING scroll labelled PIBLALY LEQEL.
  2710 | D:4      | 2710 ||| READING scroll labelled QUUGGY XUHOISASS.
  2711 | D:4      | 2711 ||| DRINKING 2 pink potions.
  2748 | D:5      | Entered Level 5 of the Dungeon
  2753 | D:5      | 2753 ||| Stepping ~*~*~tactically~*~*~ (outnumbered).
  2763 | D:5      | 2763 ||| Stepping ~*~*~tactically~*~*~ (retreating).
  2765 | D:5      | 2765 ||| Stepping ~*~*~tactically~*~*~ (retreating).
  2774 | D:5      | Noticed a wyvern
  2782 | D:5      | 2782 ||| INVOKING Heroism.
  2783 | D:5      | Killed a wyvern
  2784 | D:5      | Reached skill level 3 in Invocations
  2937 | D:5      | 2937 ||| INVOKING Heroism.
  3052 | D:5      | 3052 ||| INVOKING Heroism.
  3055 | D:5      | Reached skill level 9 in Ranged Weapons
  3092 | D:5      | 3092 ||| INVOKING Heroism.
  3131 | D:5      | Reached skill level 6 in Fighting
  3143 | D:5      | 3143 ||| RETREATING.
  3144 | D:5      | 3144 ||| Stepping ~*~*~tactically~*~*~ (outnumbered).
  3150 | D:5      | 3150 ||| Stepping ~*~*~tactically~*~*~ (retreating).
  3152 | D:5      | 3152 ||| Stepping ~*~*~tactically~*~*~ (retreating).
  3153 | D:5      | 3153 ||| Stepping ~*~*~tactically~*~*~ (retreating).
  3154 | D:5      | 3154 ||| Stepping ~*~*~tactically~*~*~ (retreating).
  3159 | D:5      | 3159 ||| Stepping ~*~*~tactically~*~*~ (retreating).
  3160 | D:5      | 3160 ||| Stepping ~*~*~tactically~*~*~ (retreating).
  3164 | D:5      | 3164 ||| Stepping ~*~*~tactically~*~*~ (retreating).
  3168 | D:5      | Reached XP level 9. HP: 54/55 MP: 12/12
  3174 | D:5      | 3174 ||| INVOKING Heroism.
  3177 | D:5      | Reached skill level 3 in Dodging
  3472 | D:5      | 3472 ||| READING scroll labelled FUEL UCOUB.
  3473 | D:5      | 3473 ||| READING scroll labelled ENTATE HEGAELUO.
  3474 | D:5      | 3474 ||| READING scroll labelled WOWYTZ QESHREGOFUP.
  3475 | D:5      | 3475 ||| READING 2 scrolls of identify.
  3475 | D:5      | 3475 ||| IDENTIFYING brown potion
  3476 | D:5      | 3476 ||| DROPPING potion of ambrosia.
  3501 | D:6      | 3501 ||| INVOKING Heroism.
  3505 | D:6      | 3505 ||| RETREATING.
  3507 | D:6      | 3507 ||| Stepping ~*~*~tactically~*~*~ (retreating).
  3508 | D:6      | 3508 ||| Stepping ~*~*~tactically~*~*~ (retreating).
  3509 | D:6      | 3509 ||| Stepping ~*~*~tactically~*~*~ (retreating).
  3510 | D:6      | 3510 ||| Stepping ~*~*~tactically~*~*~ (retreating).
  3557 | D:6      | Found Amaonulueh's Assorted Antiques.
  3566 | D:6      | 3566 ||| BUYING copper wand (116 gold).
  3566 | D:6      | Bought a copper wand for 116 gold pieces
  3566 | D:6      | 3566 ||| SHOPLISTING faintly humming ring mail (261 gold,
                  | have 122).
  3566 | D:6      | 3566 ||| SHOPLISTING potion of heal wounds (145 gold, have
                  | 122).
  3566 | D:6      | 3566 ||| BUYING purple potion (26 gold).
  3566 | D:6      | Bought a purple potion for 26 gold pieces
  3566 | D:6      | 3566 ||| BUYING scroll of identify (58 gold).
  3566 | D:6      | Bought a scroll of identify for 58 gold pieces
  3592 | D:6      | Found a hide-covered altar of Uskayaw.
  3645 | D:6      | 3645 ||| Stepping ~*~*~tactically~*~*~ (outnumbered).
  3649 | D:6      | 3649 ||| Stepping ~*~*~tactically~*~*~ (outnumbered).
  3651 | D:6      | 3651 ||| Stepping ~*~*~tactically~*~*~ (outnumbered).
  3653 | D:6      | 3653 ||| INVOKING Heroism.
  3655 | D:6      | 3655 ||| Stepping ~*~*~tactically~*~*~ (outnumbered).
  3664 | D:6      | 3664 ||| Stepping ~*~*~tactically~*~*~ (outnumbered).
  3665 | D:6      | 3665 ||| Stepping ~*~*~tactically~*~*~ (retreating).
  3667 | D:6      | Reached skill level 10 in Ranged Weapons
  3676 | D:6      | 3676 ||| INVOKING Heroism.
  3777 | D:6      | 3777 ||| INVOKING Heroism.
  3974 | D:6      | Found a runed translucent gate.
  3974 | D:6      | Found a runed translucent gate.
  3974 | D:6      | Found a runed translucent gate.
  3974 | D:6      | Noticed qw's ghost (novice GrHu)
  3976 | D:6      | 3976 ||| UPGRADING to +0 pair of gloves.
  3988 | D:6      | Found a basalt altar of Yredelemnul.
  4138 | D:6      | Reached skill level 3 in Armour
  4145 | D:6      | 4145 ||| UPGRADING to +2 ring mail of poison resistance.
  4155 | D:6      | 4155 ||| DROPPING +0 ring mail.
  4273 | D:6      | 4273 ||| READING 2 scrolls labelled GIEKHL PA JUOTS.
  4274 | D:6      | 4274 ||| DRINKING 3 metallic red potions.
  4275 | D:6      | 4275 ||| READING 3 scrolls of identify.
  4275 | D:6      | 4275 ||| IDENTIFYING purple potion
  4276 | D:6      | 4276 ||| READING 2 scrolls of identify.
  4276 | D:6      | 4276 ||| IDENTIFYING sapphire potion
  4277 | D:6      | 4277 ||| DROPPING wand of flame (7).
  4278 | D:6      | 4278 ||| DROPPING potion of invisibility.
  4279 | D:6      | 4279 ||| DROPPING scroll of revelation.
  4304 | D:7      | 4304 ||| STAIRDANCE
  4306 | D:6      | 4306 ||| INVOKING Heroism.
  4368 | D:7      | 4368 ||| STAIRDANCE
  4370 | D:6      | 4370 ||| INVOKING Heroism.
  4450 | D:7      | 4450 ||| STAIRDANCE
  4508 | D:7      | 4508 ||| STAIRDANCE
  4510 | D:6      | 4510 ||| INVOKING Heroism.
  4592 | D:7      | 4592 ||| STAIRDANCE
  4641 | D:7      | 4641 ||| STAIRDANCE
  4690 | D:7      | 4690 ||| STAIRDANCE
  4692 | D:6      | 4692 ||| DRINKING 2 potions of curing.
  4692 | D:6      | 4692 ||| (to cure confusion)
  4918 | D:7      | Found a shimmering blue altar of Sif Muna.
  4934 | D:7      | Reached skill level 11 in Ranged Weapons
  5188 | D:7      | 5188 ||| READING scroll labelled HISUETTO WETUG.
  5189 | D:7      | 5189 ||| READING 7 scrolls of identify.
  5189 | D:7      | 5189 ||| IDENTIFYING fizzy cyan potion
  5190 | D:7      | 5190 ||| READING 6 scrolls of identify.
  5190 | D:7      | 5190 ||| IDENTIFYING sedimented ruby potion
  5191 | D:7      | 5191 ||| DROPPING potion of lignification.
  5244 | D:8      | 5244 ||| READING scroll of enchant armour.
  5244 | D:8      | 5244 ||| ENCHANTING +0 pair of gloves.
  5304 | D:8      | 5304 ||| RETREATING.
  5311 | D:8      | Reached *** piety under Okawaru
  5317 | D:8      | 5317 ||| INVOKING Heroism.
  5320 | D:8      | Reached XP level 10. HP: 41/63 MP: 10/13
  5460 | D:8      | Found a staircase to the Lair.
  5461 | D:8      | 5461 ||| INVOKING Heroism.
  5580 | D:8      | Noticed Erica
  5581 | D:8      | 5581 ||| INVOKING Heroism.
  5605 | D:8      | Killed Erica
  5612 | D:8      | You fall into a shaft and drop 2 floors!
  5612 | D:10     | Entered Level 10 of the Dungeon
  5618 | D:10     | Noticed a gargoyle
  5633 | D:10     | Killed a gargoyle
  5634 | D:10     | Reached skill level 12 in Ranged Weapons
  5676 | D:10     | 5676 ||| INVOKING Heroism.
  5757 | D:10     | 5757 ||| RETREATING.
  5782 | D:10     | 5782 ||| Stepping ~*~*~tactically~*~*~ (retreating).
  5783 | D:10     | 5783 ||| Stepping ~*~*~tactically~*~*~ (retreating).
  5791 | D:10     | Reached **** piety under Okawaru
  5806 | D:10     | 5806 ||| INVOKING Heroism.
  5904 | D:10     | Noticed a two-headed ogre
  5905 | D:10     | 5905 ||| INVOKING Heroism.
  5912 | D:10     | Killed a two-headed ogre
  5913 | D:10     | Reached XP level 11. HP: 68/68 MP: 11/15
  5985 | D:9      | Reached skill level 6 in Invocations
  5991 | D:9      | Reached skill level 13 in Ranged Weapons
  5992 | D:9      | 5992 ||| INVOKING Heroism.
  6106 | D:9      | Noticed a two-headed ogre
  6107 | D:9      | 6107 ||| INVOKING Heroism.
  6117 | D:9      | Killed a two-headed ogre
  6140 | D:9      | 6140 ||| Stepping ~*~*~tactically~*~*~ (outnumbered).
  6145 | D:9      | 6145 ||| INVOKING Heroism.
  6166 | D:9      | 6166 ||| SWAPPING to +0 orcbow.
  6167 | D:9      | 6167 ||| DROPPING +2 shortbow of flaming.
  6696 | D:8      | 6696 ||| PLANNING LAIR
  6696 | D:8      | 6696 ||| READING 7 scrolls of identify.
  6696 | D:8      | 6696 ||| IDENTIFYING dark potion
  6729 | Lair:1   | Entered Level 1 of the Lair of Beasts
  6730 | Lair:1   | 6730 ||| INVOKING Heroism.
  6738 | Lair:1   | Reached skill level 9 in Fighting
  6750 | Lair:1   | 6750 ||| INVOKING Heroism.
  6791 | Lair:1   | 6791 ||| INVOKING Heroism.
  6815 | Lair:1   | 6815 ||| RETREATING.
  6833 | Lair:1   | 6833 ||| INVOKING Heroism.
  6928 | Lair:1   | 6928 ||| INVOKING Heroism.
  7051 | Lair:1   | 7051 ||| INVOKING Heroism.
  7055 | Lair:1   | 7055 ||| RETREATING.
  7059 | Lair:1   | 7059 ||| Stepping ~*~*~tactically~*~*~ (retreating).
  7060 | Lair:1   | 7060 ||| Stepping ~*~*~tactically~*~*~ (retreating).
  7061 | Lair:1   | 7061 ||| Stepping ~*~*~tactically~*~*~ (retreating).
  7074 | Lair:1   | Reached ***** piety under Okawaru
  7081 | Lair:1   | 7081 ||| INVOKING Heroism.
  7085 | Lair:1   | HP: 7/71 [komodo dragon (23)]
  7086 | Lair:1   | 7086 ||| READING 5 scrolls of teleportation.
  7087 | Lair:1   | 7087 ||| DRINKING 2 potions of heal wounds.
  7089 | Lair:1   | 7089 ||| DRINKING potion of heal wounds.
  7213 | Lair:1   | 7213 ||| INVOKING Heroism.
  7308 | Lair:1   | 7308 ||| INVOKING Heroism.
  7329 | Lair:1   | 7329 ||| RETREATING.
  7342 | Lair:1   | Reached skill level 9 in Invocations
  7342 | Lair:1   | 7342 ||| Stepping ~*~*~tactically~*~*~ (retreating).
  7344 | Lair:1   | 7344 ||| INVOKING Heroism.
  7350 | Lair:1   | 7350 ||| Stepping ~*~*~tactically~*~*~ (retreating).
  7351 | Lair:1   | 7351 ||| Stepping ~*~*~tactically~*~*~ (retreating).
  7379 | Lair:1   | Reached XP level 12. HP: 62/76 MP: 17/19
  7492 | Lair:1   | You fall into a shaft and drop 1 floor!
  7492 | Lair:2   | Found a hole to the Spider Nest.
  7496 | Lair:2   | 7496 ||| DROPPING amulet of guardian spirit.
  7507 | Lair:2   | 7507 ||| RETREATING.
  7527 | Lair:2   | 7527 ||| INVOKING Heroism.
  7536 | Lair:2   | Reached skill level 14 in Ranged Weapons
  7695 | Lair:1   | 7695 ||| INVOKING Heroism.
  8193 | Lair:2   | 8193 ||| INVOKING Heroism.
  8261 | Lair:2   | 8261 ||| FLEEEEING.
  8262 | Lair:2   | 8262 ||| FLEEEEING.
  8284 | Lair:2   | 8284 ||| FLEEEEING.
  8285 | Lair:2   | 8285 ||| FLEEEEING.
  8286 | Lair:2   | 8286 ||| STAIRDANCE
  8357 | Lair:2   | 8357 ||| STAIRDANCE
  8669 | Lair:2   | Found a staircase to the Shoals.
  8670 | Lair:2   | 8670 ||| Stepping ~*~*~tactically~*~*~ (outnumbered).
  8681 | Lair:2   | 8681 ||| INVOKING Heroism.
  8689 | Lair:2   | HP: 15/77 [merfolk/+0 trident (9)]
  8690 | Lair:2   | 8690 ||| READING 4 scrolls of teleportation.
  8692 | Lair:2   | HP: 1/77 [merfolk/+0 trident (15)]
  8935 | Lair:2   | 8935 ||| FLEEEEING.
  9705 | Lair:2   | 9705 ||| UPGRADING to amulet of the acrobat.
  9724 | Lair:3   | 9724 ||| STAIRDANCE
  9743 | Lair:3   | 9743 ||| STAIRDANCE
  9945 | Lair:3   | 9945 ||| INVOKING Heroism.
  9974 | Lair:3   | Reached skill level 15 in Ranged Weapons
 10150 | Lair:3   | 10150 ||| SWAPPING to +0 arbalest.
 10151 | Lair:3   | 10151 ||| DROPPING +0 orcbow.
 10167 | Lair:3   | 10167 ||| INVOKING Heroism.
 10291 | Lair:3   | Identified the +3 longbow of the Red God {speed, Fly rElec
                  | Int-5 SInv} (Okawaru gifted it to you on level 3 of the
                  | Lair of Beasts)
 10291 | Lair:3   | Received a gift from Okawaru
 10293 | Lair:3   | 10293 ||| SWAPPING to +3 longbow of the Red God {speed, Fly
                  | rElec Int-5 SInv}.
 10294 | Lair:3   | 10294 ||| DROPPING +0 arbalest.
 10618 | Lair:4   | 10618 ||| STAIRDANCE
 10625 | Lair:4   | 10625 ||| STAIRDANCE
 10627 | Lair:3   | 10627 ||| Stepping ~*~*~tactically~*~*~ (retreating).
 10628 | Lair:3   | 10628 ||| Stepping ~*~*~tactically~*~*~ (retreating).
 10629 | Lair:3   | 10629 ||| Stepping ~*~*~tactically~*~*~ (retreating).
 10630 | Lair:3   | 10630 ||| Stepping ~*~*~tactically~*~*~ (retreating).
 10711 | Lair:4   | 10711 ||| Stepping ~*~*~tactically~*~*~ (retreating).
 10712 | Lair:4   | 10712 ||| INVOKING Heroism.
 10713 | Lair:4   | 10713 ||| Stepping ~*~*~tactically~*~*~ (retreating).
 10714 | Lair:4   | 10714 ||| Stepping ~*~*~tactically~*~*~ (retreating).
 10716 | Lair:4   | 10716 ||| Stepping ~*~*~tactically~*~*~ (retreating).
 10717 | Lair:4   | 10717 ||| Stepping ~*~*~tactically~*~*~ (retreating).
 10718 | Lair:4   | 10718 ||| Stepping ~*~*~tactically~*~*~ (retreating).
 10719 | Lair:4   | 10719 ||| Stepping ~*~*~tactically~*~*~ (retreating).
 10853 | Lair:4   | Found a runed translucent door.
 10853 | Lair:4   | Found a viscous altar of Jiyva.
 10853 | Lair:4   | Found a staircase to the Slime Pits.
 10853 | Lair:4   | Noticed an azure jelly
 10853 | Lair:4   | Noticed an azure jelly
 10864 | Lair:4   | Noticed a catoblepas
 10865 | Lair:4   | 10865 ||| INVOKING Heroism.
 10866 | Lair:4   | 10866 ||| INVOKING Finesse.
 10875 | Lair:4   | Killed a catoblepas
 10967 | Lair:4   | Noticed a boulder beetle
 10968 | Lair:4   | 10968 ||| INVOKING Heroism.
 10975 | Lair:4   | 10975 ||| Stepping ~*~*~tactically~*~*~ (retreating).
 10976 | Lair:4   | 10976 ||| Stepping ~*~*~tactically~*~*~ (retreating).
 10977 | Lair:4   | 10977 ||| Stepping ~*~*~tactically~*~*~ (retreating).
 10978 | Lair:4   | 10978 ||| Stepping ~*~*~tactically~*~*~ (retreating).
 10979 | Lair:4   | 10979 ||| Stepping ~*~*~tactically~*~*~ (retreating).
 10980 | Lair:4   | 10980 ||| Stepping ~*~*~tactically~*~*~ (retreating).
 10981 | Lair:4   | 10981 ||| Stepping ~*~*~tactically~*~*~ (retreating).
 10993 | Lair:4   | Killed a boulder beetle
 10994 | Lair:4   | Reached skill level 16 in Ranged Weapons
 10994 | Lair:4   | Reached XP level 13. HP: 50/82 MP: 20/20
 11199 | Lair:4   | 11199 ||| INVOKING Heroism.
 11280 | Lair:4   | 11280 ||| RETREATING.
 11355 | Lair:4   | 11355 ||| RETREATING.
 11370 | Lair:4   | Reached skill level 6 in Dodging
 11477 | Lair:4   | 11477 ||| RETREATING.
 11481 | Lair:4   | 11481 ||| Stepping ~*~*~tactically~*~*~ (retreating).
 11482 | Lair:4   | 11482 ||| Stepping ~*~*~tactically~*~*~ (retreating).
 11483 | Lair:4   | 11483 ||| Stepping ~*~*~tactically~*~*~ (retreating).
 11484 | Lair:4   | 11484 ||| Stepping ~*~*~tactically~*~*~ (retreating).
 12010 | Lair:4   | 12010 ||| INVOKING Heroism.
 12011 | Lair:4   | 12011 ||| INVOKING Finesse.
 12093 | Lair:4   | 12093 ||| INVOKING Heroism.
 12119 | Lair:4   | 12119 ||| INVOKING Finesse.
 12192 | Lair:4   | 12192 ||| READING 11 scrolls of identify.
 12192 | Lair:4   | 12192 ||| IDENTIFYING ruby potion
 12193 | Lair:4   | 12193 ||| DROPPING potion of berserk rage.
 12250 | Lair:5   | Entered Level 5 of the Lair of Beasts
 12251 | Lair:5   | 12251 ||| RETREATING.
 12254 | Lair:5   | 12254 ||| INVOKING Heroism.
 12335 | Lair:5   | 12335 ||| INVOKING Heroism.
 12436 | Lair:5   | 12436 ||| INVOKING Heroism.
 12472 | Lair:5   | 12472 ||| RETREATING.
 12490 | Lair:5   | 12490 ||| RETREATING.
 12510 | Lair:5   | Reached skill level 17 in Ranged Weapons
 12532 | Lair:5   | Received a gift from Okawaru
 12542 | Lair:5   | Reached skill level 6 in Armour
 12630 | Lair:5   | 12630 ||| INVOKING Heroism.
 12694 | Lair:5   | 12694 ||| RETREATING.
 12774 | Lair:5   | 12774 ||| INVOKING Heroism.
 12775 | Lair:5   | 12775 ||| INVOKING Finesse.
 12781 | Lair:5   | 12781 ||| RETREATING.
 12784 | Lair:5   | 12784 ||| Stepping ~*~*~tactically~*~*~ (retreating).
 12853 | Lair:5   | Gained mutation: Your large and strong wings let you fly.
                  | [Gargoyle growth]
 12853 | Lair:5   | Reached XP level 14. HP: 90/90 MP: 21/21
 12874 | Lair:5   | 12874 ||| RETREATING.
 12900 | Lair:5   | 12900 ||| Stepping ~*~*~tactically~*~*~ (retreating).
 12901 | Lair:5   | 12901 ||| Stepping ~*~*~tactically~*~*~ (retreating).
 12902 | Lair:5   | 12902 ||| Stepping ~*~*~tactically~*~*~ (retreating).
 12903 | Lair:5   | 12903 ||| Stepping ~*~*~tactically~*~*~ (retreating).
 12910 | Lair:5   | 12910 ||| Stepping ~*~*~tactically~*~*~ (retreating).
 12911 | Lair:5   | 12911 ||| Stepping ~*~*~tactically~*~*~ (retreating).
 12912 | Lair:5   | 12912 ||| Stepping ~*~*~tactically~*~*~ (retreating).
 12913 | Lair:5   | 12913 ||| Stepping ~*~*~tactically~*~*~ (retreating).
 12914 | Lair:5   | 12914 ||| Stepping ~*~*~tactically~*~*~ (retreating).
 12915 | Lair:5   | 12915 ||| Stepping ~*~*~tactically~*~*~ (outnumbered).
 12916 | Lair:5   | 12916 ||| Stepping ~*~*~tactically~*~*~ (retreating).
 12917 | Lair:5   | 12917 ||| Stepping ~*~*~tactically~*~*~ (retreating).
 12918 | Lair:5   | 12918 ||| INVOKING Heroism.
 12923 | Lair:5   | Reached skill level 18 in Ranged Weapons
 12925 | Lair:5   | HP: 20/90 [komodo dragon (19)]
 12926 | Lair:5   | 12926 ||| READING 5 scrolls of teleportation.
 12927 | Lair:5   | 12927 ||| DRINKING potion of heal wounds.
 13305 | Lair:5   | Received a gift from Okawaru
 13318 | Lair:5   | 13318 ||| INVOKING Heroism.
 13319 | Lair:5   | 13319 ||| INVOKING Finesse.
 13374 | Lair:5   | Identified the +8 trident of Ikkasaha {antimagic, rElec
                  | Int+6 Stlth+}
 13394 | Lair:5   | Reached skill level 12 in Fighting
 13419 | Lair:5   | 13419 ||| RETREATING.
 13449 | Lair:5   | 13449 ||| Stepping ~*~*~tactically~*~*~ (retreating).
 13450 | Lair:5   | 13450 ||| Stepping ~*~*~tactically~*~*~ (retreating).
 13451 | Lair:5   | 13451 ||| Stepping ~*~*~tactically~*~*~ (retreating).
 13453 | Lair:5   | 13453 ||| Stepping ~*~*~tactically~*~*~ (retreating).
 13454 | Lair:5   | 13454 ||| Stepping ~*~*~tactically~*~*~ (retreating).
 13455 | Lair:5   | 13455 ||| Stepping ~*~*~tactically~*~*~ (retreating).
 13469 | Lair:5   | 13469 ||| INVOKING Heroism.
 13556 | Lair:5   | 13556 ||| INVOKING Heroism.
 13851 | Lair:5   | 13851 ||| INVOKING Heroism.
 14101 | Lair:5   | 14101 ||| PLANNING D:1-11
 14101 | Lair:5   | 14101 ||| READING scroll labelled MYLAYBR BOAKHI.
 14279 | D:9      | Found a staircase to the Orcish Mines.
 14434 | D:9      | 14434 ||| Stepping ~*~*~tactically~*~*~ (cloud).
 14674 | D:10     | Noticed Urug
 14675 | D:10     | 14675 ||| INVOKING Heroism.
 14686 | D:10     | Killed Urug
 14706 | D:10     | Found an ornate altar of the Wu Jian Council.
 14760 | D:10     | Found a sacrificial altar of Ru.
 14762 | D:10     | Found a stormy altar of Qazlal.
 14774 | D:10     | Noticed Grum
 14775 | D:10     | 14775 ||| INVOKING Heroism.
 14795 | D:10     | Killed Grum
 14902 | D:10     | Found Soeqeb's Mayhem Merchandise.
 15080 | D:10     | 15080 ||| DROPPING ring of see invisible.
 15081 | D:10     | 15081 ||| READING scroll labelled TIRHOD XEFAASO.
 15163 | D:10     | Found a shadowy altar of Dithmenos.
 15706 | D:11     | 15706 ||| PLANNING D
 15720 | D:12     | 15720 ||| RETREATING.
 15739 | D:12     | Reached skill level 19 in Ranged Weapons
 16245 | D:12     | 16245 ||| INVOKING Heroism.
 16246 | D:12     | 16246 ||| INVOKING Finesse.
 16327 | D:12     | 16327 ||| UPGRADING to +0 acid dragon scales.
 16337 | D:12     | 16337 ||| DROPPING +6 ring of strength.
 16465 | D:13     | 16465 ||| INVOKING Heroism.
 16542 | D:13     | 16542 ||| Stepping ~*~*~tactically~*~*~ (outnumbered).
 16686 | D:13     | 16686 ||| UPGRADING to +0 cloak.
 16726 | D:13     | 16726 ||| INVOKING Heroism.
 16895 | D:13     | 16895 ||| Stepping ~*~*~tactically~*~*~ (outnumbered).
 16896 | D:13     | 16896 ||| Stepping ~*~*~tactically~*~*~ (outnumbered).
 16898 | D:13     | 16898 ||| Stepping ~*~*~tactically~*~*~ (outnumbered).
 16909 | D:13     | 16909 ||| INVOKING Heroism.
 17136 | D:13     | Reached XP level 15. HP: 97/97 MP: 22/22
 17350 | D:13     | 17350 ||| DROPPING +6 ring of intelligence.
 17430 | D:14     | 17430 ||| INVOKING Heroism.
 17433 | D:14     | 17433 ||| RETREATING.
 17478 | D:14     | 17478 ||| Stepping ~*~*~tactically~*~*~ (outnumbered).
 17480 | D:14     | 17480 ||| Stepping ~*~*~tactically~*~*~ (outnumbered).
 17634 | D:14     | Found a white marble altar of Elyvilon.
 17901 | D:14     | 17901 ||| RETREATING.
 17902 | D:14     | 17902 ||| Stepping ~*~*~tactically~*~*~ (retreating).
 17903 | D:14     | 17903 ||| Stepping ~*~*~tactically~*~*~ (retreating).
 17904 | D:14     | 17904 ||| Stepping ~*~*~tactically~*~*~ (retreating).
 17905 | D:14     | 17905 ||| Stepping ~*~*~tactically~*~*~ (retreating).
 17970 | D:14     | 17970 ||| RETREATING.
 17974 | D:14     | 17974 ||| Stepping ~*~*~tactically~*~*~ (retreating).
 17975 | D:14     | 17975 ||| Stepping ~*~*~tactically~*~*~ (retreating).
 17976 | D:14     | 17976 ||| Stepping ~*~*~tactically~*~*~ (retreating).
 18012 | D:14     | Found a gate to the Vaults.
 18013 | D:14     | 18013 ||| RETREATING.
 18021 | D:14     | 18021 ||| Stepping ~*~*~tactically~*~*~ (retreating).
 18022 | D:14     | 18022 ||| Stepping ~*~*~tactically~*~*~ (retreating).
 18023 | D:14     | 18023 ||| Stepping ~*~*~tactically~*~*~ (retreating).
 18024 | D:14     | 18024 ||| Stepping ~*~*~tactically~*~*~ (retreating).
 18032 | D:14     | 18032 ||| Stepping ~*~*~tactically~*~*~ (retreating).
 18041 | D:14     | 18041 ||| Stepping ~*~*~tactically~*~*~ (retreating).
 18042 | D:14     | 18042 ||| Stepping ~*~*~tactically~*~*~ (retreating).
 18052 | D:14     | 18052 ||| INVOKING Heroism.
 18327 | D:14     | Found Cagu's Antique Weapon Emporium.
 18347 | D:14     | 18347 ||| UPGRADING to +0 pair of boots.
 18352 | D:14     | 18352 ||| READING scroll labelled BEXKOSCHUVEI.
 18459 | D:15     | Entered Level 15 of the Dungeon
 18605 | D:15     | Found a burning altar of Makhleb.
 18646 | D:15     | Received a gift from Okawaru
 18824 | D:15     | Reached skill level 9 in Armour
 18966 | D:15     | 18966 ||| Stepping ~*~*~tactically~*~*~ (retreating).
 18967 | D:15     | 18967 ||| INVOKING Heroism.
 18970 | D:15     | Reached skill level 9 in Dodging
 19005 | D:15     | Found a staircase to the Depths.
 19079 | D:15     | 19079 ||| PLANNING ORC
 19233 | Orc:1    | Entered Level 1 of the Orcish Mines
 19267 | Orc:1    | 19267 ||| INVOKING Heroism.
 19428 | Orc:2    | Entered Level 2 of the Orcish Mines
 19429 | Orc:2    | 19429 ||| STAIRDANCE
 19434 | Orc:2    | 19434 ||| STAIRDANCE
 19450 | Orc:2    | 19450 ||| STAIRDANCE
 19452 | Orc:1    | 19452 ||| Stepping ~*~*~tactically~*~*~ (retreating).
 19453 | Orc:1    | 19453 ||| Stepping ~*~*~tactically~*~*~ (retreating).
 19454 | Orc:1    | 19454 ||| Stepping ~*~*~tactically~*~*~ (retreating).
 19455 | Orc:1    | 19455 ||| Stepping ~*~*~tactically~*~*~ (retreating).
 19458 | Orc:1    | 19458 ||| Stepping ~*~*~tactically~*~*~ (retreating).
 19459 | Orc:1    | 19459 ||| RETREATING.
 19460 | Orc:1    | 19460 ||| FLEEEEING.
 19463 | Orc:1    | 19463 ||| INVOKING Heroism.
 19656 | Orc:2    | 19656 ||| STAIRDANCE
 19670 | Orc:1    | 19670 ||| DROPPING +2 ring mail of poison resistance.
 19671 | Orc:1    | 19671 ||| UPGRADING to +0 troll leather armour.
 19681 | Orc:1    | 19681 ||| DROPPING +0 acid dragon scales.
 19703 | Orc:2    | 19703 ||| STAIRDANCE
 19714 | Orc:2    | 19714 ||| STAIRDANCE
 19716 | Orc:1    | 19716 ||| INVOKING Heroism.
 19754 | Orc:2    | 19754 ||| STAIRDANCE
 19764 | Orc:2    | 19764 ||| STAIRDANCE
 19830 | Orc:1    | Noticed Snorg
 19840 | Orc:1    | Killed Snorg
 19845 | Orc:1    | Identified the +3 ring mail "Fauda" {rF++ Str+2 Int+3}
                  | (Okawaru gifted it to you on level 1 of the Orcish Mines)
 19845 | Orc:1    | Received a gift from Okawaru
 19937 | Orc:1    | Found a corrupted altar of Lugonu.
 19939 | Orc:1    | Found a one-way gate to the infinite horrors of the Abyss.
 20101 | Orc:1    | 20101 ||| UPGRADING to +3 ring mail "Fauda" {rF++ Str+2
                  | Int+3}.
 20111 | Orc:1    | 20111 ||| DROPPING +0 troll leather armour.
 20210 | Orc:2    | Found a staircase to the Elven Halls.
 20306 | Orc:2    | 20306 ||| DRINKING 7 potions of curing.
 20306 | Orc:2    | 20306 ||| (to cure confusion)
 20307 | Orc:2    | 20307 ||| INVOKING Heroism.
 20434 | Orc:2    | 20434 ||| Stepping ~*~*~tactically~*~*~ (outnumbered).
 20437 | Orc:2    | 20437 ||| INVOKING Heroism.
 20443 | Orc:2    | 20443 ||| RETREATING.
 20469 | Orc:2    | 20469 ||| Stepping ~*~*~tactically~*~*~ (outnumbered).
 20471 | Orc:2    | 20471 ||| Stepping ~*~*~tactically~*~*~ (outnumbered).
 20473 | Orc:2    | 20473 ||| RETREATING.
 20476 | Orc:2    | 20476 ||| Stepping ~*~*~tactically~*~*~ (outnumbered).
 20494 | Orc:2    | 20494 ||| INVOKING Heroism.
 20520 | Orc:2    | 20520 ||| Stepping ~*~*~tactically~*~*~ (outnumbered).
 20525 | Orc:2    | Reached skill level 20 in Ranged Weapons
 20539 | Orc:2    | Found Ifasoweo's Magic Scroll Shop.
 20539 | Orc:2    | Found Dioxturch's Assorted Antiques.
 20541 | Orc:2    | Found Tyclar's General Store.
 20541 | Orc:2    | Found Boykkism's Assorted Antiques.
 20547 | Orc:2    | 20547 ||| BUYING scroll of brand weapon (161 gold).
 20547 | Orc:2    | Bought a scroll of brand weapon for 161 gold pieces
 20547 | Orc:2    | 20547 ||| BUYING scroll of enchant weapon (127 gold).
 20547 | Orc:2    | Bought a scroll of enchant weapon for 127 gold pieces
 20551 | Orc:2    | 20551 ||| BUYING crude ivory ring (125 gold).
 20551 | Orc:2    | Bought a crude ivory ring for 125 gold pieces
 20551 | Orc:2    | Identified the ring "Lisudiko" {Ice Fly} (You bought it in
                  | a shop on level 2 of the Orcish Mines)
 20551 | Orc:2    | 20551 ||| BUYING embroidered scarf (200 gold).
 20551 | Orc:2    | Bought an embroidered scarf for 200 gold pieces
 20551 | Orc:2    | 20551 ||| BUYING scroll of enchant armour (187 gold).
 20551 | Orc:2    | Bought a scroll of enchant armour for 187 gold pieces
 20551 | Orc:2    | 20551 ||| BUYING scroll of teleportation (75 gold).
 20551 | Orc:2    | Bought a scroll of teleportation for 75 gold pieces
 20551 | Orc:2    | 20551 ||| READING scroll of enchant armour.
 20551 | Orc:2    | 20551 ||| ENCHANTING +1 pair of gloves.
 20554 | Orc:2    | 20554 ||| BUYING potion of curing (69 gold).
 20554 | Orc:2    | Bought a potion of curing for 69 gold pieces
 20554 | Orc:2    | 20554 ||| BUYING scroll of enchant armour (172 gold).
 20554 | Orc:2    | Bought a scroll of enchant armour for 172 gold pieces
 20554 | Orc:2    | 20554 ||| BUYING scroll of enchant weapon (172 gold).
 20554 | Orc:2    | Bought a scroll of enchant weapon for 172 gold pieces
 20554 | Orc:2    | 20554 ||| READING scroll of enchant armour.
 20554 | Orc:2    | 20554 ||| ENCHANTING +1 helmet.
 20695 | Orc:2    | 20695 ||| PLANNING SHOALS:1-3
 20695 | Orc:2    | 20695 ||| UPGRADING to scarf of repulsion.
 20705 | Orc:2    | 20705 ||| DROPPING ring "Lisudiko" {Ice Fly}.
 20816 | Shoals:1 | Entered Level 1 of the Shoals
 20832 | Shoals:1 | 20832 ||| INVOKING Heroism.
 20846 | Shoals:1 | 20846 ||| Stepping ~*~*~tactically~*~*~ (outnumbered).
 20851 | Shoals:1 | 20851 ||| Stepping ~*~*~tactically~*~*~ (retreating).
 20852 | Shoals:1 | 20852 ||| Stepping ~*~*~tactically~*~*~ (retreating).
 20853 | Shoals:1 | 20853 ||| Stepping ~*~*~tactically~*~*~ (retreating).
 20854 | Shoals:1 | 20854 ||| Stepping ~*~*~tactically~*~*~ (outnumbered).
 20855 | Shoals:1 | 20855 ||| RETREATING.
 20857 | Shoals:1 | 20857 ||| Stepping ~*~*~tactically~*~*~ (retreating).
 20911 | Shoals:1 | Reached XP level 16. HP: 104/104 MP: 23/23
 20928 | Shoals:1 | 20928 ||| INVOKING Heroism.
 21091 | Shoals:1 | 21091 ||| Stepping ~*~*~tactically~*~*~ (outnumbered).
 21100 | Shoals:1 | 21100 ||| Stepping ~*~*~tactically~*~*~ (outnumbered).
 21158 | Shoals:1 | 21158 ||| READING scroll of enchant armour.
 21158 | Shoals:1 | 21158 ||| ENCHANTING +0 pair of boots.
 21197 | Shoals:1 | 21197 ||| Stepping ~*~*~tactically~*~*~ (outnumbered).
 21200 | Shoals:1 | 21200 ||| Stepping ~*~*~tactically~*~*~ (outnumbered).
 21201 | Shoals:1 | 21201 ||| Stepping ~*~*~tactically~*~*~ (outnumbered).
 21203 | Shoals:1 | 21203 ||| Stepping ~*~*~tactically~*~*~ (outnumbered).
 21208 | Shoals:1 | 21208 ||| INVOKING Heroism.
 21277 | Shoals:1 | 21277 ||| INVOKING Heroism.
 21645 | Shoals:1 | 21645 ||| INVOKING Heroism.
 21652 | Shoals:1 | Reached skill level 15 in Fighting
 21878 | Shoals:2 | 21878 ||| INVOKING Heroism.
 21878 | Shoals:2 | Noticed Ilsuiw
 21879 | Shoals:2 | 21879 ||| INVOKING Finesse.
 21916 | Shoals:2 | Killed Ilsuiw
 21964 | Shoals:2 | 21964 ||| Stepping ~*~*~tactically~*~*~ (outnumbered).
 21967 | Shoals:2 | 21967 ||| Stepping ~*~*~tactically~*~*~ (outnumbered).
 21980 | Shoals:2 | 21980 ||| INVOKING Heroism.
 21981 | Shoals:2 | 21981 ||| Stepping ~*~*~tactically~*~*~ (outnumbered).
 21982 | Shoals:2 | 21982 ||| Stepping ~*~*~tactically~*~*~ (outnumbered).
 22013 | Shoals:2 | HP: 25/108 [wind drake/the air (24)]
 22014 | Shoals:2 | 22014 ||| READING 8 scrolls of teleportation.
 22015 | Shoals:2 | 22015 ||| DRINKING potion of heal wounds.
 22174 | Shoals:2 | Noticed Louise
 22175 | Shoals:2 | 22175 ||| INVOKING Heroism.
 22176 | Shoals:2 | 22176 ||| INVOKING Finesse.
 22197 | Shoals:2 | Killed Louise
 22297 | Shoals:2 | 22297 ||| INVOKING Heroism.
 22485 | Shoals:2 | 22485 ||| INVOKING Heroism.
 22548 | Shoals:2 | 22548 ||| INVOKING Heroism.
 22549 | Shoals:2 | 22549 ||| INVOKING Finesse.
 22631 | Shoals:2 | Found Uremmih's Jewellery Emporium.
 22649 | Shoals:2 | 22649 ||| SHOPLISTING +6 ring of dexterity (576 gold, have
                  | 483).
 22649 | Shoals:2 | 22649 ||| BUYING amulet of reflection (480 gold).
 22649 | Shoals:2 | Bought an amulet of reflection for 480 gold pieces
 22653 | Shoals:2 | Found a runed translucent door.
 22654 | Shoals:2 | Found a shimmering altar of Xom.
 22654 | Shoals:2 | Noticed qw's ghost (adept GrHu)
 23045 | Shoals:2 | 23045 ||| UPGRADING to amulet of reflection.
 23055 | Shoals:2 | 23055 ||| DROPPING amulet of the acrobat.
 23104 | Shoals:3 | 23104 ||| INVOKING Heroism.
 23127 | Shoals:3 | Identified the +4 halberd of Chance {heavy, Str+3}
 23179 | Shoals:3 | 23179 ||| INVOKING Heroism.
 23207 | Shoals:3 | 23207 ||| INVOKING Finesse.
 23213 | Shoals:3 | 23213 ||| RETREATING.
 23214 | Shoals:3 | 23214 ||| Stepping ~*~*~tactically~*~*~ (cloud).
 23217 | Shoals:3 | 23217 ||| Stepping ~*~*~tactically~*~*~ (outnumbered).
 23220 | Shoals:3 | 23220 ||| Stepping ~*~*~tactically~*~*~ (cloud).
 23221 | Shoals:3 | 23221 ||| Stepping ~*~*~tactically~*~*~ (cloud).
 23225 | Shoals:3 | 23225 ||| Stepping ~*~*~tactically~*~*~ (cloud).
 23226 | Shoals:3 | 23226 ||| Stepping ~*~*~tactically~*~*~ (cloud).
 23229 | Shoals:3 | 23229 ||| Stepping ~*~*~tactically~*~*~ (cloud).
 23230 | Shoals:3 | 23230 ||| Stepping ~*~*~tactically~*~*~ (cloud).
 23236 | Shoals:3 | 23236 ||| Stepping ~*~*~tactically~*~*~ (retreating).
 23237 | Shoals:3 | 23237 ||| Stepping ~*~*~tactically~*~*~ (retreating).
 23238 | Shoals:3 | 23238 ||| Stepping ~*~*~tactically~*~*~ (retreating).
 23239 | Shoals:3 | 23239 ||| INVOKING Heroism.
 23241 | Shoals:3 | 23241 ||| Stepping ~*~*~tactically~*~*~ (cloud).
 23268 | Shoals:3 | 23268 ||| FLEEEEING.
 23269 | Shoals:3 | 23269 ||| FLEEEEING.
 23534 | Shoals:3 | 23534 ||| INVOKING Heroism.
 23756 | Shoals:3 | Identified the -1 pair of boots of Instinct {Slay+5}
 23772 | Shoals:3 | 23772 ||| INVOKING Heroism.
 23827 | Shoals:3 | 23827 ||| Stepping ~*~*~tactically~*~*~ (outnumbered).
 23829 | Shoals:3 | 23829 ||| Stepping ~*~*~tactically~*~*~ (outnumbered).
 24198 | Shoals:3 | 24198 ||| PLANNING SPIDER:1-3
 24198 | Shoals:3 | 24198 ||| UPGRADING to -1 pair of boots of Instinct
                  | {Slay+5}.
 24208 | Shoals:3 | 24208 ||| DROPPING +1 pair of boots.
 24263 | Lair:2   | Reached XP level 17. HP: 101/116 MP: 24/24
 24280 | Lair:2   | 24280 ||| PLANNING LAIR
 24338 | Lair:2   | 24338 ||| PLANNING SPIDER:1-3
 45237 | Lair:2   | Glimpsed the power of Zot.
 45717 | Lair:1   | Glimpsed the power of Zot.
 46102 | Lair:1   | Glimpsed the power of Zot.
 46198 | Lair:1   | Touched by the power of Zot (MHP 116 -> 94)
 46199 | Lair:1   | Glimpsed the power of Zot.
 46680 | Lair:1   | Glimpsed the power of Zot.
 47064 | Lair:1   | Glimpsed the power of Zot.
 47160 | Lair:2   | Touched by the power of Zot (MHP 99 -> 80)
 47161 | Lair:2   | Glimpsed the power of Zot.
 47641 | Lair:1   | Glimpsed the power of Zot.
 48026 | Lair:1   | Glimpsed the power of Zot.
 48122 | Lair:1   | Touched by the power of Zot (MHP 84 -> 67)
 48123 | Lair:1   | Glimpsed the power of Zot.
 48604 | Lair:1   | Glimpsed the power of Zot.
 48988 | Lair:2   | Glimpsed the power of Zot.
 49084 | Lair:2   | Touched by the power of Zot (MHP 70 -> 56)
 49085 | Lair:2   | Glimpsed the power of Zot.
 49565 | Lair:1   | Glimpsed the power of Zot.
 49950 | Lair:1   | Glimpsed the power of Zot.
 50046 | Lair:1   | Touched by the power of Zot (MHP 59 -> 47)
 50047 | Lair:1   | Glimpsed the power of Zot.
 50528 | Lair:1   | Glimpsed the power of Zot.
 50912 | Lair:2   | Glimpsed the power of Zot.
 51008 | Lair:2   | Touched by the power of Zot (MHP 49 -> 38)
 51009 | Lair:2   | Glimpsed the power of Zot.
 51489 | Lair:1   | Glimpsed the power of Zot.
 51874 | Lair:1   | Glimpsed the power of Zot.
 51970 | Lair:1   | Touched by the power of Zot (MHP 40 -> 31)
 51971 | Lair:1   | Glimpsed the power of Zot.
 52452 | Lair:1   | Glimpsed the power of Zot.
 52836 | Lair:2   | Glimpsed the power of Zot.
 52932 | Lair:2   | Touched by the power of Zot (MHP 33 -> 25)
 52933 | Lair:2   | Glimpsed the power of Zot.
 53414 | Lair:1   | Glimpsed the power of Zot.
 53798 | Lair:1   | Glimpsed the power of Zot.
 53894 | Lair:1   | Touched by the power of Zot (MHP 27 -> 20)
 53895 | Lair:1   | Glimpsed the power of Zot.
 54376 | Lair:1   | Glimpsed the power of Zot.
 54760 | Lair:2   | Glimpsed the power of Zot.
 54856 | Lair:2   | Touched by the power of Zot (MHP 21 -> 15)
 54857 | Lair:2   | Glimpsed the power of Zot.
 55338 | Lair:2   | Glimpsed the power of Zot.
 55722 | Lair:1   | Glimpsed the power of Zot.
 55818 | Lair:1   | Touched by the power of Zot (MHP 16 -> 11)
 55819 | Lair:1   | Glimpsed the power of Zot.
 56300 | Lair:1   | Glimpsed the power of Zot.
 56684 | Lair:2   | Glimpsed the power of Zot.
 56780 | Lair:1   | Touched by the power of Zot (MHP 12 -> 7)
 56781 | Lair:2   | Glimpsed the power of Zot.
 57261 | Lair:2   | Glimpsed the power of Zot.
 57646 | Lair:1   | Glimpsed the power of Zot.
 57741 | Lair:1   | Touched by the power of Zot (MHP 8 -> 4)
 57742 | Lair:1   | Glimpsed the power of Zot.
 58223 | Lair:1   | Glimpsed the power of Zot.
 58607 | Lair:2   | Glimpsed the power of Zot.
 58703 | Lair:1   | Touched by the power of Zot (MHP 5 -> 2)
 58704 | Lair:1   | Glimpsed the power of Zot.
 59184 | Lair:2   | Glimpsed the power of Zot.
 59569 | Lair:1   | Glimpsed the power of Zot.
 59664 | Lair:1   | Touched by the power of Zot (MHP 3 -> 1)
 59665 | Lair:1   | 59665 ||| QUITTING!
 59665 | Lair:1   | Quit the game

Levels and vault maps discovered:
D:1:      erik_arrival_blinker_ship, layout_rooms, serial_shops, shop, shop,
          nicolae_shop_window_shopping, nicolae_shop_crystal,
          nicolae_shop_crystal, roderic_roman_lattice, grunt_decor_cap,
          serial_bayou_crossing
D:2:      layout_basic, minmay_vboxes
D:3:      layout_basic
D:4:      layout_loops_ring, lemuel_crystal_altar,
          minmay_temple_entry_glassed_door, minmay_box_of_dots, uniq_robin,
          uniq_pikel, uniq_sigmund
D:5:      layout_rooms, minmay_quadrilaterals
D:6:      layout_cave_pools, mainiacjoe_overflow_brackets,
          nicolae_yredelemnul_ghost_church, serial_shops, shop
D:7:      layout_rooms, lemuel_round_altar
D:8:      layout_loops_ring, grunt_lair_entry_orc_guard_hut, uniq_erica
D:9:      layout_long_grid, minmay_orc_entry_temple_small, serial_glass,
          glass_columns_a, glass_columns_a, glass_columns_a,
          minmay_strange_pillars, minmay_strange_pillars,
          minmay_strange_pillars, st_stairs_10
D:10:     layout_long_grid, nicolae_overflow_hidden_temple,
          hangedman_abyss_or_decor_passed, minmay_shop_mayhem, minivault_25,
          uniq_urug, uniq_grum
D:11:     layout_irregular_city, kennysheep_boxes
D:12:     layout_loops_ring
D:13:     layout_long_grid, chequers_big_river
D:14:     layout_rooms, grunt_vaults_entry_tiered, elyvilon_altar_5,
          serial_shops, nicolae_shop_real_fake_doors
D:15:     grunt_enter_depths_magical_seal, layout_irregular_city, bloody_makhleb
Temple:   nicolae_temple_bog_church
Lair:1:   layout_regular_city, small_statue_intersection, grunt_megastairs_3,
          serial_bayou_shore_a
Lair:2:   layout_roguey, elwin_shoals_entry_stream,
          nicolae_spider_entry_tight_spaces, chequers_serial_rivers_micro_b
Lair:3:   layout_small_grid
Lair:4:   minmay_lair_oklob_tunnel, layout_layer_cave, slime_entry_2,
          lemuel_fruit_fields
Lair:5:   gammafunk_lair_ancient_temple, layout_gridlike, nzn_sisyphean_effort
Shoals:1: layout_shoals, nicolae_shoals_lost_giant_hut
Shoals:2: layout_shoals, ebering_ghost_xom, minmay_shop_enchanted_jewellery,
          uniq_ilsuiw, uniq_louise
Shoals:3: layout_shoals, st_cyclops
Orc:1:    layout_caves, basic_altar, amcnicky_altar_lugonu_corruption,
          uniq_snorg
Orc:2:    grunt_orc_tribal_feast, layout_caves, basic_altar,
          statue_in_the_mist_lemuel, guppyfry_library_mini

Skill      XL: |  1  2  3  4  5  6  7  8  9 10 11 12 13 14 15 16 |
---------------+-------------------------------------------------+-----
Ranged Weapons | 5 6 8 9 11 12 13 16 17 19 20 | 20.0
Armour         | 1 2 3 4 5 6 8 9 10 | 10.0
Fighting       | 3 5 6 7 8 9 10 11 12 13 16 | 16.7
Dodging        | 2 4 5 6 7 9 10 | 10.0
Invocations    | 1 4 5 9 10 | 10.0
Stealth        | |  1.1

Action                     |  1- 3 |  4- 6 |  7- 9 | 10-12 | 13-15 | 16-18 || total
---------------------------+-------+-------+-------+-------+-------+-------++-------
  Melee: Unarmed           |       |       |       |     9 |       |       ||     9
   Fire: Shortbow          |    78 |   107 |   380 |   199 |       |       ||   764
         Orcbow            |       |       |       |   518 |       |       ||   518
         Longbow           |       |       |       |    82 |  1485 |   626 ||  2193
         Arbalest          |       |       |       |     7 |       |       ||     7
 Invoke: Heroism           |       |       |    14 |    27 |    29 |    15 ||    85
         Finesse           |       |       |       |     1 |     5 |     4 ||    10
    Use: Scroll            |     9 |     5 |    13 |     3 |     7 |     2 ||    39
         Potion            |     1 |     2 |     3 |     2 |     2 |     1 ||    11
 Armour: Leather armour    |     5 |       |       |       |       |       ||     5
         Ring mail         |     1 |    43 |   124 |   225 |   132 |    66 ||   591
         Acid dragon scale |       |       |       |       |    82 |       ||    82
         Troll leather arm |       |       |       |       |    13 |       ||    13
  Dodge: Dodged            |    15 |    48 |   229 |   468 |   438 |   148 ||  1346
         Repelled          |       |       |       |       |       |     4 ||     4
  Block: Other             |       |       |       |       |       |    10 ||    10
         Reflection        |       |       |       |       |       |     3 ||     3

Table legend:
 A = Non-vault XP
 B = Vault XP
 C = Vault XP percentage of total XP
 D = Non-vault monster count
 E = Vault monster count
 F = Vault count percentage of total count
                 A         B        C        D         E       F
            +---------+---------+-------+---------+---------+-------
      Total |  130656 |   51238 |  28.2 |     569 |     182 |  24.2
            +---------+---------+-------+---------+---------+-------
        D:1 |      35 |       0 |   0.0 |      17 |       0 |   0.0
        D:2 |      23 |      10 |  30.3 |       7 |       6 |  46.2
        D:3 |      91 |       0 |   0.0 |      16 |       0 |   0.0
        D:4 |      81 |    1062 |  92.9 |      14 |      17 |  54.8
        D:5 |    1055 |     281 |  21.0 |      26 |       5 |  16.1
        D:6 |    1338 |     139 |   9.4 |      41 |       2 |   4.7
        D:7 |     318 |       0 |   0.0 |       4 |       0 |   0.0
        D:8 |     927 |    1403 |  60.2 |      12 |       5 |  29.4
        D:9 |    3650 |     432 |  10.6 |      40 |      10 |  20.0
       D:10 |    5027 |    1450 |  22.4 |      24 |       6 |  20.0
       D:11 |    2539 |       0 |   0.0 |       9 |       0 |   0.0
       D:12 |    4095 |       0 |   0.0 |      17 |       0 |   0.0
       D:13 |    7443 |       0 |   0.0 |      25 |       0 |   0.0
       D:14 |    7876 |    6888 |  46.7 |      16 |      25 |  61.0
       D:15 |    5211 |    4296 |  45.2 |       9 |       9 |  50.0
     Lair:1 |    7143 |     758 |   9.6 |      30 |       2 |   6.2
     Lair:2 |    2746 |    2668 |  49.3 |      14 |      11 |  44.0
     Lair:3 |    4877 |       0 |   0.0 |      16 |       0 |   0.0
     Lair:4 |    8154 |    2468 |  23.2 |      22 |       6 |  21.4
     Lair:5 |   17592 |   10196 |  36.7 |      55 |      25 |  31.2
   Shoals:1 |   17067 |       0 |   0.0 |      33 |       0 |   0.0
   Shoals:2 |   14643 |    5291 |  26.5 |      31 |       7 |  18.4
   Shoals:3 |   13138 |    5066 |  27.8 |      28 |       8 |  22.2
      Orc:1 |    4655 |     928 |  16.6 |      47 |       1 |   2.1
      Orc:2 |     932 |    7902 |  89.4 |      16 |      37 |  69.8
            +---------+---------+-------+---------+---------+-------
